 Dungeon Crawl Stone Soup version 0.31.0-12-g77e489cdc1 (webtiles) character file.

Game seed: 8859578110524232830

1590 booth the Firebug (level 8, -1/57 HPs)
             Began as a Yellow Draconian Fire Elementalist on Feb 15, 2024.
             Was an Initiate of Hepliaklqana.
             Slain by an orc warrior
             ... wielding a +0 scimitar
              (8 damage)
             ... on level 7 of the Dungeon.
             The game lasted 00:43:47 (6987 turns).

booth the Firebug (DrFE)                            Turns: 6987, Time: 00:43:48

Health: -1/57      AC: 15    Str: 11    XL:     8   Next: 61%
Magic:  1/15       EV: 13    Int: 18    God:    Hepliaklqana [......]
Gold:   305        SH:  5    Dex: 11    Spells: 3/16 levels left

rFire   . . .        s - +2 hand axe
rCold   . . .        (no shield)
rNeg    . . .        (body armour unavailable)
rPois   .            (helmet restricted)
rElec   .            A - +1 cloak {rCorr}
rCorr   +            (no gloves)
SInv    .            c - +2 pair of boots
Will    .....        y - amulet of reflection
Stlth   ++           t - ring of wizardry
HPRegen 0.29/turn    p - +4 ring of protection
MPRegen 0.14/turn

%: reflection, wizardry (x1)
@: short of breath
A: spit acid, AC +6, unfitting armour, cold-blooded, acid resistance
a: Breathe Acid, Renounce Religion


You were on level 7 of the Dungeon.
You worshipped Hepliaklqana.
Hepliaklqana was noncommittal.
You visited 1 branch of the dungeon, and saw 7 of its levels.

You collected 305 gold pieces.

Inventory:

Hand Weapons
 e - a +0 short sword
 h - a +0 mace
 s - a +2 hand axe (weapon)
Missiles
 m - 6 curare-tipped darts
 q - 14 poisoned darts (quivered)
Armour
 c - a +2 pair of boots (worn)
 A - a +1 cloak of preservation (worn)
Jewellery
 p - a +4 ring of protection (right hand)
 t - a ring of wizardry (left hand)
 y - an amulet of reflection (around neck)
Wands
 k - a wand of digging (5)
 w - a wand of iceblast (9)
Scrolls
 d - a scroll of amnesia {unknown}
 f - 5 scrolls of teleportation
 o - a scroll of revelation
 u - a scroll of noise {unknown}
Potions
 a - a potion of magic
 b - a potion of lignification
 g - a potion of heal wounds
 i - 2 potions of resistance
 j - a potion of might {unknown}
 l - 4 potions of curing
 n - a potion of brilliance
 r - a potion of attraction {unknown}
 x - a potion of cancellation {unknown}
 z - a potion of degeneration {unknown}


   Skills:
 + Level 4.0 Axes
 - Level 4.5 Dodging
 + Level 2.1 Stealth
 + Level 4.7 Spellcasting
 + Level 2.7 Conjurations
 * Level 7.4 Fire Magic


You had 3 spell levels left.
You knew the following spells:

 Your Spells              Type           Power      Damage    Failure   Level
a - Foxfire               Conj/Fire      88%        2x1d8     1%          1
b - Scorch                Fire           62%        2d7       1%          2
c - Inner Flame           Hex/Fire       17%        N/A       3%          3
d - Volatile Blastmotes   Fire/Tloc      34%        2d12      3%          3
e - Flame Wave            Conj/Fire      22%        2d8       7%          4

Your spell library contained the following spells:

 Spells                   Type           Power      Damage    Failure   Level
 Call Imp                 Summ           8%         N/A       9%          2
 Sublimation of Blood     Necr           4%         N/A       9%          2
 Hailstorm                Conj/Ice       9%         3d6       10%         3
 Gell's Gravitas          Tloc           4%         N/A       16%         3
 Summon Ice Beast         Ice/Summ       4%         N/A       16%         3
 Teleport Other           Tloc           4%         N/A       16%         3
 Tukima's Dance           Hex            4%         N/A       16%         3
 Iskenderun's Mystic Bla  Conj/Tloc      9%         2d4       30%         4
 Dimensional Bullseye     Hex/Tloc       2%         N/A       45%         4
 Dispersal                Tloc           2%         N/A       100%        6
 Sculpt Simulacrum        Ice/Alch       2%         N/A       100%        6
 Summon Hydra             Summ           2%         N/A       100%        7


Dungeon Overview and Level Annotations

Branches:
Dungeon (7/15)             Temple (0/1) D:6

Altars:
Ashenzari
Dithmenos
Hepliaklqana
Nemelex Xobeh
Trog
Vehumet

Shops:
D:7 =


Innate Abilities, Weirdness & Mutations

You can spit globs of acid.
Your golden yellow scales are hard. (AC +6)
You cannot fit into any form of body armour.
You are cold-blooded and may be slowed by cold attacks.
You are resistant to acid. (rCorr)


Message History

Confirm with . or Enter, or press ? or * to list all spells.
You conjure some foxfire!
The orc warrior is no longer more vulnerable to fire.
The orc warrior barely misses you.
You hit the orc warrior but do no damage.
The orc warrior is heavily wounded.
The foxfire hits the orc warrior.
The orc warrior is heavily wounded.
The foxfire hits the orc warrior but does no damage.
The orc warrior is heavily wounded.
The orc warrior hits you with a +0 scimitar!
* * * LOW HITPOINT WARNING * * *
Press: ? - help, Shift-Dir - straight line, f - orc warrior
Aim: an orc warrior, wielding a +0 scimitar and wearing a +0 chain mail (heavily wounded, 60% to hit)
You spit a glob of acid.
The glob of acid misses the orc warrior.
The orc warrior hits you but does no damage.
Casting: Foxfire (safe; 1% risk of failure)
Confirm with . or Enter, or press ? or * to list all spells.
You conjure some foxfire!
The orc warrior hits you with a +0 scimitar!
* * * LOW HITPOINT WARNING * * *
You hit the orc warrior but do no damage.
The orc warrior is heavily wounded.
The foxfire hits the orc warrior but does no damage.
The orc warrior is heavily wounded.
The foxfire hits the orc warrior but does no damage.
The orc warrior is heavily wounded.
The orc warrior hits you but does no damage.
Casting: Foxfire (safe; 1% risk of failure)
Confirm with . or Enter, or press ? or * to list all spells.
Flames lash the orc warrior but do no damage.
The orc warrior hits you but does no damage.
Casting: Scorch (safe; 1% risk of failure)
Confirm with . or Enter, or press ? or * to list all spells.
Flames lash the orc warrior.
The orc warrior is severely wounded.
The orc warrior's fire resistance burns away.
The orc warrior hits you with a +0 scimitar!
You die...

#......(..# #[..##
#.........# #.o..##
>........# #......
##.......## #.....$
#.).......# #......
########.........##
#.!...∩
..................#
#.....g
....)..<...)o.....+
+...<.g
...))......)@...(##
#.....<
.....(..........##
##..###
###.#..###..<..#.+
...# #.#.. ####..#
# #.#. ....# #.#
..... # ... ..
..### #... ... ##
....


You could see an orc warrior (combustible).

Vanquished Creatures
  An orc warrior (D:6)
  A black bear (D:6)
  2 phantoms
  A gnoll sergeant (D:5)
  4 scorpions
  4 wights (D:6)
  2 bombardier beetles
  4 hounds
  4 jellies
  Crazy Yiuf (D:6)
  2 orc priests (D:5)
  3 iguanas
  A sleepcap (D:6)
  2 orc wizards (D:7)
  9 gnolls
  3 adders
  A shadow imp (D:5)
  A white imp (D:5)
  2 dart slugs
  16 orcs
  8 ball pythons
  12 endoplasms
  A giant cockroach (D:1)
  3 goblins
  6 hobgoblins
  2 quokkas (D:3)
  4 bats
  2 frilled lizards
  2 kobolds
  10 rats
114 creatures vanquished.

Vanquished Creatures (others)
  260 foxfires
260 creatures vanquished.

Grand Total: 374 creatures vanquished

Notes
Turn   | Place    | Note
-------+----------+-------------------------------------------
     0 | D:1      | booth the Draconian Fire Elementalist began the quest for
                  | the Orb.
     0 | D:1      | Reached XP level 1. HP: 14/14 MP: 3/3
   211 | D:1      | Reached XP level 2. HP: 20/20 MP: 1/5
   427 | D:1      | Learned a level 2 spell: Scorch
   892 | D:1      | Reached XP level 3. HP: 26/26 MP: 4/6
   914 | D:1      | Learned a level 3 spell: Inner Flame
  2047 | D:3      | Reached skill level 4 in Fire Magic
  2047 | D:3      | Reached XP level 4. HP: 20/33 MP: 1/8
  2824 | D:4      | Found a bloodstained altar of Trog.
  2946 | D:4      | Found a broken altar of Ashenzari.
  3128 | D:4      | Noticed a phantom
  3145 | D:4      | Killed a phantom
  3146 | D:4      | Reached skill level 1 in Axes
  3146 | D:4      | Reached XP level 5. HP: 27/38 MP: 2/9
  3228 | D:4      | Learned a level 3 spell: Volatile Blastmotes
  3986 | D:5      | Entered Level 5 of the Dungeon
  4017 | D:5      | Reached skill level 5 in Fire Magic
  4017 | D:5      | Reached XP level 6. HP: 45/45 MP: 6/10
  4309 | D:5      | Found a shadowy altar of Dithmenos.
  4474 | D:5      | Your scales start taking on a golden yellow colour.
  4474 | D:5      | Reached XP level 7. HP: 50/50 MP: 7/12
  4474 | D:5      | Gained mutation: You are resistant to acid. (rCorr) [Yellow
                  | Draconian growth]
  4637 | D:5      | Reached skill level 6 in Fire Magic
  4772 | D:5      | Found a radiant altar of Vehumet.
  5198 | D:5      | Learned a level 4 spell: Flame Wave
  5642 | D:6      | Reached XP level 8. HP: 57/57 MP: 9/14
  5711 | D:6      | Found a runed translucent door.
  5712 | D:6      | Noticed Crazy Yiuf
  5986 | D:6      | Found a hazy altar of Hepliaklqana.
  6016 | D:6      | Became a worshipper of Hepliaklqana the Forgotten
  6080 | D:6      | Reached skill level 7 in Fire Magic
  6430 | D:6      | Found a sparkling altar of Nemelex Xobeh.
  6677 | D:6      | Found a staircase to the Ecumenical Temple.
  6755 | D:6      | Killed Crazy Yiuf
  6887 | D:7      | Found Turo's Jewellery Shop.
  6987 | D:7      | Slain by an orc warrior

Illustrated notes

Levels and vault maps discovered:
D:1:      amcnicky_arrival_double_pillar, layout_basic
D:2:      layout_basic
D:3:      layout_basic
D:4:      layout_layer_cave, mainiacjoe_overflow_six_doors_small,
          mainiacjoe_overflow_cross_hatched, grunt_decor_one_mirror
D:5:      layout_gridville, lemuel_round_altar, lemuel_coloured_pillars_altar,
          corexii_leaking_fountain, minmay_misc_feat_rugged,
          dreamdust_wishing_well
D:6:      layout_cave_pools, mainiacjoe_overflow_concentric_impassable,
          mainiacjoe_overflow_alcove_1, minmay_temple_entry_poolview,
          uniq_crazy_yiuf_cottage
D:7:      layout_rooms, amethyst_overflow_temple_binary, serial_shops, shop,
          kennysheep_nondescript, minmay_misc_feat_iff

Skill      XL: |  1  2  3  4  5  6  7  8 |
---------------+-------------------------+-----
Stealth        | 2 |  2.1
Dodging        | 2 3 4 |  4.5
Fire Magic     | 4 5 6 7 |  7.4
Axes           | 1 2 3 4 |  4.0
Spellcasting   | 3 4 |  4.7
Conjurations   | 2 |  2.7

Action                     |  1- 3 |  4- 6 |  7- 9 || total
---------------------------+-------+-------+-------++-------
  Melee: Unarmed           |    20 |       |       ||    20
         Tailslap          |     9 |     3 |     6 ||    18
         Short sword       |    47 |    16 |       ||    63
         Punch             |     1 |       |       ||     1
         Hand axe          |       |    39 |    62 ||   101
  Throw: Stone             |     7 |     3 |       ||    10
   Cast: Foxfire           |    34 |    46 |    70 ||   150
         Scorch            |     3 |    11 |    30 ||    44
         Volatile Blastmot |       |     2 |     6 ||     8
         Inner Flame       |       |       |     1 ||     1
Ability: Breathe Acid      |       |       |     2 ||     2
    Use: Scroll            |     3 |     4 |     1 ||     8
         Potion            |     1 |       |     2 ||     3
   Stab: Sleeping          |     2 |     1 |       ||     3
 Armour: Skin              |    33 |    40 |    89 ||   162
  Dodge: Dodged            |    32 |    42 |    66 ||   140
  Block: Other             |       |       |    24 ||    24
